 Dungeon Crawl Stone Soup version 0.30.0-5-g1a98f26d00 (webtiles) character file.

Game seed: 14465448182351722593

25 Irreverend the Firebug (level 3, -2/26 HPs)
             Began as a Hill Orc Fire Elementalist on May 10, 2023.
             Frozen to death by an endoplasm (4 damage)
             ... on level 2 of the Dungeon on May 11, 2023.
             The game lasted 00:02:18 (1361 turns).

Irreverend the Firebug (Hill Orc Fire Elementalist) Turns: 1361, Time: 00:02:19

Health: -2/26      AC:  2    Str: 10    XL:     3   Next: 4%
Magic:  1/6        EV: 12    Int: 17    God:
Gold:   62         SH:  0    Dex: 11    Spells: 3/6 levels left

rFire   . . .        (no weapon)
rCold   . . .        (no shield)
rNeg    . . .        a - +0 robe
rPois   .            (no helmet)
rElec   .            (no cloak)
rCorr   .            (no gloves)
SInv    .            (no boots)
Will    .....        (no amulet)
Stlth   ++           (no ring)
HPRegen 0.24/turn    (no ring)
MPRegen 0.10/turn

%: no passive effects
@: no status effects
A: no striking features
a: no special abilities


You were on level 2 of the Dungeon.
You visited 1 branch of the dungeon, and saw 2 of its levels.

You collected 62 gold pieces.

Inventory:

Missiles
 j - a throwing net
Armour
 a - a +0 robe (worn)
Jewellery
 f - a +6 ring of strength
Scrolls
 c - a scroll of vulnerability {unknown}
 d - a scroll of noise {unknown}
 g - a scroll of fear {unknown}
 h - a scroll of identify {unknown}
 i - a scroll of brand weapon {unknown}
Potions
 b - a potion of magic
 e - a potion of degeneration {unknown}
 k - a potion of haste {unknown}


   Skills:
 - Level 1.5 Dodging
 - Level 1.5 Stealth
 + Level 2.0 Spellcasting
 + Level 1.8 Conjurations
 + Level 3.7 Fire Magic


You had 3 spell levels left.
You knew the following spells:

 Your Spells              Type           Power      Damage    Failure   Level
a - Foxfire               Conj/Fire      44%        2x1d6     6%          1
b - Scorch                Fire           28%        2d6       6%          2

Your spell library contained the following spells:

 Spells                   Type           Power      Damage    Failure   Level
 Apportation              Tloc           2%         N/A       19%         1
 Inner Flame              Hex/Fire       8%         N/A       26%         3
 Volatile Blastmotes      Fire/Tloc      16%        2d11      26%         3
 Flame Wave               Conj/Fire      11%        2d6       52%         4
 Alistair's Intoxication  Tmut/Pois      0%         N/A       99%         5


Dungeon Overview and Level Annotations

Branches:
Dungeon (2/15)

Altars:

Shops:
D:1 *


Message History

The endoplasm barely misses you.
You hit the worm.
The worm is moderately wounded.
The worm bites you! The endoplasm barely misses you.
You hit the worm but do no damage.
The worm is lightly wounded.
The endoplasm hits you but does no damage.
You hit the worm but do no damage.
The worm is lightly wounded.
The worm barely misses you.
The endoplasm hits you but does no damage.
You completely miss the worm.
The worm is lightly wounded.
The endoplasm freezes you.
You are frozen.
* * * LOW HITPOINT WARNING * * *
The worm barely misses you.
You hit the worm but do no damage.
The worm is lightly wounded.
The endoplasm barely misses you.
You barely miss the worm.
The worm is lightly wounded.
The worm bites you.
* * * LOW HITPOINT WARNING * * *
The endoplasm freezes you.
You are frozen.
* * * LOW HITPOINT WARNING * * *
You barely miss the worm.
The endoplasm hits you but does no damage.
You hit the worm.
The worm is lightly wounded.
The worm barely misses you. The endoplasm freezes you.
You are frozen.
* * * LOW HITPOINT WARNING * * *
You barely miss the worm.
The worm is lightly wounded.
The endoplasm freezes you.
You are frozen.
You die...

# .# ...
##.############....
#.....w@Jwgr..$....
#..########........
#.##..... #.# ....
#(# .. #w#####.
#g##.... #.##...
#.# #r##.r#


You could see 2 worms, an endoplasm, a quokka and a goblin.

Vanquished Creatures
  4 bats
  4 endoplasms (D:1)
  A giant cockroach (D:1)
  2 goblins (D:1)
  2 hobgoblins (D:1)
  2 quokkas
  A ball python (D:1)
  2 frilled lizards (D:1)
  A kobold (D:1)
  2 rats (D:1)
21 creatures vanquished.

Vanquished Creatures (others)
  25 foxfires
25 creatures vanquished.

Grand Total: 46 creatures vanquished

Notes
Turn   | Place    | Note
-------+----------+-------------------------------------------
     0 | D:1      | Irreverend the Hill Orc Fire Elementalist began the quest
                  | for the Orb.
     0 | D:1      | Reached XP level 1. HP: 14/14 MP: 3/3
   237 | D:1      | Found Veunn's Assorted Antiques.
   351 | D:1      | Reached XP level 2. HP: 20/20 MP: 1/4
   482 | D:1      | Learned a level 2 spell: Scorch
  1333 | D:2      | Reached XP level 3. HP: 15/26 MP: 0/5
  1361 | D:2      | Frozen to death by an endoplasm

Illustrated notes

Levels and vault maps discovered:
D:1:      eino_arrival_tree_alley, layout_loops_ring, serial_shops, shop
D:2:      layout_loops_ring, basic_altar, minmay_tall_x

Skill      XL: |  1  2  3 |
---------------+----------+-----
Spellcasting   | 2 |  2.0
Dodging        | |  1.5
Stealth        | |  1.5
Conjurations   | |  1.8
Fire Magic     | |  3.7

Action                     || total
---------------------------++-------
  Melee: Unarmed           ||    15
         Punch             ||     1
   Cast: Foxfire           ||    22
         Scorch            ||    16
 Armour: Robe              ||    11
  Dodge: Dodged            ||    32
